 Dungeon Crawl Stone Soup version 0.31-a0-466-g98c9adc2b6 (webtiles) character file.

Game seed: 8887959131694581446

32 MisterAzrael the Ruffian (level 3, -3/28 HPs)
             Began as a Djinni Shapeshifter on Aug 5, 2023.
             Slain by Jessica
             ... wielding a +0 dagger
              (5 damage)
             ... on level 2 of the Dungeon.
             The game lasted 00:01:16 (1174 turns).

MisterAzrael the Ruffian (Djinni Shapeshifter)      Turns: 1174, Time: 00:01:16

Health: -3/28      AC:  2    Str: 16    XL:     3   Next: 45%
Gold:   34         EV: 12    Int:  9    God:
                   SH:  0    Dex: 13

rFire   + +          .
                       - Unarmed
rCold   x . .        (no shield)
rNeg    . . .        a - +0 animal skin
rPois   ∞            (helmet currently unavailable)
rElec   .            (cloak currently unavailable)
rCorr   .            (gloves currently unavailable)
SInv    .            (boots unavailable)
Will    .....        (no amulet)
Stlth   +            (no ring)
HPRegen 0.24/turn    (no ring)
MPRegen 0.00/turn

%: infuse magic (-4 HP)
@: beast-form, flying, very slightly contaminated
A: beast (slay +2), flying, sickness immunity, fire resistance 2, cold
vulnerability 1, float, innate caster, HP casting, extra vitality 1
a: Begin Untransformation


You were on level 2 of the Dungeon.
You were a hulking beast.
You visited 1 branch of the dungeon, and saw 2 of its levels.

You collected 34 gold pieces.

Inventory:

Armour
 a - a +0 animal skin (worn)
Jewellery
 d - a +4 ring of protection
Talismans
 c - a beast talisman (active)
Scrolls
 e - 4 scrolls of fog {unknown}
 f - a scroll of teleportation {unknown}
 g - a scroll of revelation {unknown}
 h - a scroll of identify {unknown}
Potions
 b - a potion of lignification


   Skills:
 * Level 1.8 Fighting
 - Level 2.1 Dodging
 + Level 3.2 Unarmed Combat
 + Level 0.0 Spellcasting
 + Level 0.0 Conjurations
 + Level 0.0 Hexes
   Level 0.0 Charms
 + Level 0.0 Summonings
 + Level 0.0 Necromancy
 + Level 0.0 Translocations
 + Level 0.0 Transmutations
 + Level 0.0 Fire Magic
 + Level 0.0 Ice Magic
 + Level 0.0 Air Magic
 + Level 0.0 Earth Magic
 + Level 0.0 Poison Magic
 * Level 3.0 Shapeshifting


You knew the following spells:

 Your Spells              Type           Power      Damage    Failure   Level
a - Necrotise             Necr           0%         1d4       38%         1
Your spell library was empty.

Dungeon Overview and Level Annotations

Branches:
Dungeon (2/15)

Altars:

Annotations:
D:2 Jessica


Innate Abilities, Weirdness & Mutations

You are a hulking beast.
Your limbs bulge with bestial killing power. (Slay +2)
You are flying.
You are immune to sickness and miasma.
You are immune to poison.
Your flesh is very heat resistant. (rF++)
You are vulnerable to cold. (rC-)
You float through the air rather than walking.
You learn spells naturally, not from books.
Your magical power is your life essence.
You have superior vitality. (+4 MHP)


Message History

Aim: Jessica, wielding a +0 dagger and wearing a +0 robe (chance to affect: 41%)
You miscast Necrotise.
You are very lightly contaminated with residual magic.
Nothing appears to happen.
Jessica hits you with a +0 dagger.
* * * LOW HITPOINT WARNING * * *
Aiming: Necrotise (safe; 38% risk of failure)
Press: ? - help, Q - select action Shift-Dir - straight line, f/p - Jessica
Aim: Jessica, wielding a +0 dagger and wearing a +0 robe (chance to affect: 41%)
You miscast Necrotise.
Nothing appears to happen.
* * * LOW HITPOINT WARNING * * *
Jessica hits you but does no damage.
Aiming: Necrotise (safe; 38% risk of failure)
Press: ? - help, Q - select action Shift-Dir - straight line, f/p - Jessica
Aim: Jessica, wielding a +0 dagger and wearing a +0 robe (chance to affect: 41%) Jessica resists with some effort.
* * * LOW HITPOINT WARNING * * *
Jessica hits you with a +0 dagger.
* * * LOW HITPOINT WARNING * * *
You are too injured to fight recklessly!
You are too injured to fight recklessly!
You are too injured to fight recklessly!
You hit Jessica but do no damage. Jessica barely misses you.
You hit Jessica but do no damage. Jessica hits you with a +0 dagger.
* * * LOW HITPOINT WARNING * * *
You closely miss Jessica. Jessica hits you with a +0 dagger.
* * * LOW HITPOINT WARNING * * *
You closely miss Jessica.
Jessica gestures wildly while chanting.
Jessica blinks!
Jessica barely misses you.
You closely miss Jessica.
Jessica mumbles some strange words.
Jessica seems to speed up.
You barely miss Jessica. Jessica barely misses you.
You hit Jessica.
Jessica is lightly wounded.
Jessica mumbles something strange.
Jessica misses you. Jessica hits you with a +0 dagger.
You die...

####.########.###.##.#
#.# #........# #.#
##.....### ##'## #.#...#
##...## ##.#######
##.....## #........#
#.......## #..#####.#
.....)...####....###.###.
.........+.....@h........
.........####....###.###.
#.......## #.....
##.....## ####.## ##..<##
#.# ##+## #.# #.# #.#


You could see Jessica (fast).

Vanquished Creatures
  2 dart slugs (D:1)
  An endoplasm (D:1)
  2 giant cockroaches (D:1)
  A goblin (D:1)
  A hobgoblin (D:1)
  4 kobolds (D:1)
  3 quokkas (D:1)
  5 ball pythons
  5 bats (D:1)
  2 rats (D:1)
26 creatures vanquished.

Notes
Turn   | Place    | Note
-------+----------+-------------------------------------------
     0 | D:1      | MisterAzrael the Djinni Shapeshifter began the quest for
                  | the Orb.
     0 | D:1      | Reached XP level 1. HP: 17/17 MP: 0/0
   152 | D:1      | Reached XP level 2. HP: 17/22 MP: 0/0
   511 | D:1      | Reached XP level 3. HP: 24/28 MP: 0/0
   511 | D:1      | Learned a level 1 spell: Necrotise
  1157 | D:2      | Noticed Jessica
  1168 | D:2      | HP: 1/28 [Jessica/+0 dagger (2)]
  1174 | D:2      | Slain by Jessica

Illustrated notes

Levels and vault maps discovered:
D:1:      minmay_arrival_four_houses, layout_loops_ring
D:2:      layout_loops_corners, uniq_jessica, uniq_terence, uniq_natasha,
          uniq_robin

Skill      XL: |  1  2 |
---------------+-------+-----
Shapeshifting  | 3 |  3.0
Fighting       | |  1.8
Dodging        | |  2.1
Unarmed Combat | |  3.2

Action                     || total
---------------------------++-------
  Melee: Unarmed           ||    78
         Punch             ||     1
   Cast: Necrotise         ||     7
 Armour: Animal skin       ||    13
  Dodge: Dodged            ||    50

Table legend: (Time is in decaauts)
 A = Elapsed time spent in this place.
 B = Non-inter-level travel time spent in this place.
 C = Inter-level travel time spent in this place.
 D = Time resting spent in this place.
 E = Time spent auto-exploring this place.
 F = Levels seen in this place.
 G = Mean time per level.
                   A        B        C        D        E       F      G
               +--------+--------+--------+--------+--------+-----+--------+
         Total |   1169 |   1138 |     31 |    185 |    771 |   2 |  584.5 |
       Dungeon |   1169 |   1138 |     31 |    185 |    771 |   2 |  584.5 |
               +--------+--------+--------+--------+--------+-----+--------+

Top non-repeatable levels by time:
     D:1: 1059 daAuts
     D:2: 110 daAuts
